 Dungeon Crawl Stone Soup version 0.29.1-12-g30fa7ad0bf (webtiles) character file.

Game seed: 17258460064997096235

116 ChadusMaximus the Shield-Bearer (level 4, -6/41 HPs)
             Began as a Minotaur Fighter on Dec 12, 2022.
             Mangled by an ogre
             ... wielding a +0 giant club
              (20 damage)
             ... on level 3 of the Dungeon.
             The game lasted 00:01:16 (3011 turns).

ChadusMaximus the Shield-Bearer (Minotaur Fighter)  Turns: 3011, Time: 00:01:17

Health: -6/41      AC:  7    Str: 22    XL:     4   Next: 70%
Magic:  3/3        EV:  9    Int:  5    God:
Gold:   194        SH:  4    Dex: 10    Spells: 3/3 levels left

rFire   . . .      SeeInvis .   a - +0 war axe
rCold   . . .      Faith    .   c - +0 buckler
rNeg    . . .      Spirit   .   b - +0 scale mail
rPois   .          Reflect  .   (helmet restricted)
rElec   .          Harm     .   (no cloak)
rCorr   .          Rampage  .   (no gloves)
Will    .....                   (no boots)
Stlth   ..........              (no amulet)
HPRegen 0.13/turn               (no ring)
MPRegen 0.08/turn               (no ring)

@: no status effects
A: horns 2, retaliatory headbutt
a: no special abilities


You were on level 3 of the Dungeon.
You visited 1 branch of the dungeon, and saw 3 of its levels.

You collected 194 gold pieces.

Inventory:

Hand Weapons
 a - a +0 war axe (weapon)
Armour
 b - a +0 scale mail (worn)
 c - a +0 buckler (worn)
Scrolls
 e - a scroll of blinking {unknown}
 f - a scroll of torment {unknown}
 g - 3 scrolls of identify {unknown}
 h - 2 scrolls of enchant armour {unknown}
 i - a scroll of butterflies {unknown}
 n - a scroll of teleportation {unknown}
 p - 3 scrolls of amnesia {unknown}
Potions
 d - 2 potions of might
 j - a potion of mutation {unknown}
 k - 2 potions of flight {unknown}
 l - a potion of brilliance {unknown}
 m - a potion of lignification {unknown}
 o - 3 potions of heal wounds {unknown}


   Skills:
 + Level 4.5 Fighting
 + Level 3.6 Axes
 + Level 4.5 Armour
 + Level 4.5 Shields


You had 3 spell levels left.
You didn't know any spells.
Your spell library contained the following spells:

 Spells                   Type           Power      Damage    Failure   Level
 Magic Dart               Conj           0%         1d3       87%         1
 Ensorcelled Hibernation  Hex/Ice        0%         N/A       95%         2
 Passwall                 Tmut/Erth      0%         N/A       95%         2
 Poisonous Vapours        Pois/Air       0%         N/A       95%         2
 Searing Ray              Conj           0%         2d4       95%         2
 Sublimation of Blood     Necr           0%         N/A       95%         2
 Wereblood                Tmut           0%         N/A       95%         2
 Frozen Ramparts          Ice            0%         1d1       99%         3
 Swiftness                Air            0%         N/A       99%         3
 Corpse Rot               Necr/Pois/Air  0%         N/A       100%        4
 Fulminant Prism          Conj/Hex       0%         3d6       100%        4
 Ice Form                 Ice/Tmut       0%         N/A       100%        4
 Summon Ice Beast         Ice/Summ       0%         N/A       100%        4
 Summon Hydra             Summ           0%         N/A       100%        7


Dungeon Overview and Level Annotations

Branches:
Dungeon (3/15)

Altars:

Annotations:
D:3 Grinder


Innate Abilities, Weirdness & Mutations

You have a pair of horns on your head.
You reflexively headbutt those who attack you in melee.


Message History

The jackal bites you but does no damage.
A jackal is nearby!
You miss the jackal. You headbutt the jackal.
You kill the jackal!
There is an open door here.
You see here a jackal corpse.
You open the door.
There is an open door here.
There is an open door here.
There is an open door here.
You see here a +1 spear of venom.
No target in view!
There is an open door here.
There is an open door here.
There is an open door here.
An orc comes into view. It is wielding a +0 whip.
An orc is nearby!
There is an open door here.
An orc is nearby!
You barely miss the orc. You headbutt the orc.
The orc is heavily wounded.
The orc barely misses you.
An orc is nearby!
You hit the orc.
You kill the orc!
You see here a +0 whip.
An ogre comes into view. It is wielding a +0 giant club.
The ogre shouts!
An ogre is nearby!
An ogre is nearby!
A ball python comes into view.
The ball python hisses angrily.
You hear a shout!
The ogre hits you with a +0 giant club!!
Ouch! That really hurt!
Unknown command.
You slash the ogre!
The ogre is moderately wounded.
Grinder comes into view.
The ogre hits you with a +0 giant club!!
You die...

#.....##.##'#
#....##'#
#...##.###.#####.#
#.###...##...##...
##'##.....##†##....
##.).##...##...##...
##.....##.##.....##.#
#.......#'#.......#'#
##.....##.##.....##.#
##.@.##...##...##...
##O##.....##'##....
...##...##...##...
.....##.##.....##.#
.......#''.......''#
##..S..##.##.....##.#
##...##..)##...##...
##5##.....##'##....
##...##...##...


You could see Grinder, an ogre and a ball python.

Vanquished Creatures
  An orc priest (D:3)
  2 adders
  A dart slug (D:2)
  6 orcs (D:3)
  5 bats
  An endoplasm (D:1)
  4 giant cockroaches
  3 goblins
  6 hobgoblins
  8 jackals
  8 kobolds
  2 ball pythons
  3 frilled lizards
  6 rats
56 creatures vanquished.

Notes
Turn   | Place    | Note
-------+----------+-------------------------------------------
     0 | D:1      | ChadusMaximus the Minotaur Fighter began the quest for the
                  | Orb.
     0 | D:1      | Reached XP level 1. HP: 19/19 MP: 0/0
   210 | D:1      | Reached XP level 2. HP: 22/27 MP: 1/1
   753 | D:2      | Reached XP level 3. HP: 11/33 MP: 2/2
  1199 | D:2      | Found a faded altar of an unknown god.
  2086 | D:3      | Reached XP level 4. HP: 18/40 MP: 3/3
  3007 | D:3      | Noticed an ogre
  3011 | D:3      | Noticed Grinder
  3011 | D:3      | Mangled by an ogre

Illustrated notes

Levels and vault maps discovered:
D:1:      mrwooster_arrival_statue, layout_rooms
D:2:      layout_loops_corners, shapermc_ecumenical_altar_totnotflames
D:3:      layout_loops_ring, nicolae_hexahallways, kennysheep_generic_room_6,
          uniq_grinder

Skill      XL: |  1  2 |
---------------+-------+-----
Fighting       | 4 |  4.5
Armour         | 4 |  4.5
Axes           | 3 |  3.6
Shields        | 4 |  4.5

Action                   |  1- 3 |  4- 6 || total
-------------------------+-------+-------++-------
Melee: War axe           |    83 |    30 ||   113
       Headbutt          |     8 |     6 ||    14
Armor: Scale mail        |    55 |    14 ||    69
Dodge: Dodged            |    47 |    17 ||    64
Block: Buckler           |    18 |     8 ||    26
